[Event "Titled Tuesday Blitz March 29 Early 2022"]
[White "Grebeniuk, Semen"]
[Black "Miszler, Levente"]
[WhiteFideId "14117509"]
[BlackFideId "763276"]
[WhiteElo "2608"]
[BlackElo "2407"]
[Result "1-0"]
[Round "09"]
[TimeControl "180+1"]
[Date "2022.03.30"]
[WhiteClock "0:00:46"]
[BlackClock "0:00:10"]

1. d4 Nf6 2. Nf3 e6 3. Bg5 d5 4. Nbd2 Be7 5. e3 O-O 6. Bd3 h6 7. Bh4 c5 8. c3 Nc6 9. O-O b6 10. Ne5 Bb7 11. f4 Nd7 12. Bxe7 Qxe7 13. Qh5 f5 14. Nxd7 Qxd7 15. Bb5 Qf7 16. Qxf7+ Rxf7 17. Bxc6 Bxc6 18. Nf3 Bb5 19. Rfe1 Rc7 20. Ne5 Kf8 21. h4 Rac8 22. Kf2 Ba4 23. Rg1 Bc2 24. g4 fxg4 25. Rxg4 Bf5 26. Rg2 b5 27. dxc5 Rxc5 28. Nd7+ Kf7 29. Nxc5 Rxc5 30. h5 Rc7 31. Rag1 Kf6 32. Ke2 Be4 33. Rg3 a5 34. a3 Rb7 35. Kd2 Rc7 36. Ra1 Rb7 37. b3 a4 38. Kc1 axb3 39. Kb2 Bc2 40. a4 bxa4 41. Rxa4 Rc7 42. Ra6 Rb7 43. Rg1 Rc7 44. Ra8 Kf7 45. Rga1 Rc4 46. R1a7+ Kf6 47. Rf8# 1-0


[Site "https://www.chess.com"]

[Event "Titled Tuesday Blitz March 29 Early 2022"]
[White "Gu, Xiaobing"]
[Black "Coelho, Ramyres Santana"]
[WhiteFideId "8602611"]
[BlackFideId "2120690"]
[WhiteElo "2174"]
[BlackElo "1888"]
[Result "1-0"]
[Round "09"]
[TimeControl "180+1"]
[Date "2022.03.30"]
[WhiteClock "0:00:09"]
[BlackClock "0:00:34"]

1. e4 c5 2. Nf3 d6 3. Bb5+ Nd7 4. c4 a6 5. Ba4 Nf6 6. Nc3 e6 7. d4 cxd4 8. Nxd4 Be7 9. O-O O-O 10. Qe2 Qc7 11. Be3 Ne5 12. Rac1 Qxc4 13. Nd5 exd5 14. Rxc4 dxc4 15. f4 Nd3 16. e5 dxe5 17. fxe5 Nd5 18. Bd2 b5 19. Bc2 Bc5 20. Qe4 Bb7 21. Kh1 N5b4 22. Qxb7 Bxd4 23. Bxb4 Nxb4 24. Rxf7 Rxf7 25. Qxa8+ Rf8 26. Bxh7+ Kf7 27. Qe4 Bxb2 28. h3 a5 29. Qb7+ Ke6 30. Qb6+ Ke7 31. Qd6+ Kf7 32. Qd7# 1-0


[Site "https://www.chess.com"]

[Event "Titled Tuesday Blitz March 29 Early 2022"]
[White "Gurevich, Dmitry"]
[Black "Iljin, Timofey"]
[WhiteFideId "2000407"]
[BlackFideId "14110180"]
[WhiteElo "2599"]
[BlackElo "2482"]
[Result "1-0"]
[Round "09"]
[TimeControl "180+1"]
[Date "2022.03.30"]
[WhiteClock "0:01:45"]
[BlackClock "0:01:21"]

1. d4 f5 2. Nf3 Nf6 3. Bg5 e6 4. Nbd2 d5 5. e3 Be7 6. Bd3 O-O 7. O-O Nc6 8. c4 h6 9. Bf4 Ne4 10. h3 Bf6 11. Rc1 Bd7 12. cxd5 exd5 13. Qb3 Be6 14. Qxb7 Ne7 15. Qxc7 Qe8 16. Bxe4 fxe4 17. Ne5 Nf5 18. Qc6 Qxc6 19. Rxc6 Bc8 20. Rfc1 Bb7 21. Rc7 Rac8 22. Nd7 Be7 23. Nxf8 1-0


[Site "https://www.chess.com"]

[Event "Titled Tuesday Blitz March 29 Early 2022"]
[White "Guseva, Marina"]
[Black "Petrova, Irina"]
[WhiteFideId "4149351"]
[BlackFideId "14124122"]
[WhiteElo "2160"]
[BlackElo "1993"]
[Result "1-0"]
[Round "09"]
[TimeControl "180+1"]
[Date "2022.03.30"]
[WhiteClock "0:00:10"]
[BlackClock "0:00:05"]

1. d4 d6 2. Nf3 g6 3. Bf4 Bg7 4. e3 Nd7 5. h3 e5 6. Bh2 Ne7 7. Nc3 O-O 8. a4 f5 9. Bc4+ Kh8 10. Ng5 Nb6 11. Nf7+ Rxf7 12. Bxf7 exd4 13. exd4 Nc6 14. O-O Nxd4 15. Re1 Bd7 16. a5 Nc8 17. Bc4 Ne7 18. Nd5 Nxd5 19. Bxd5 Bc6 20. Bxc6 Nxc6 21. c3 a6 22. Qd5 Qg8 23. Qxg8+ Kxg8 24. Bf4 Kf7 25. Bd2 Re8 26. Rxe8 Kxe8 27. b4 Kd7 28. Rb1 Ne5 29. Kf1 Nc4 30. Ke2 c6 31. Kd3 d5 32. Bf4 Bf6 33. Re1 Nb2+ 34. Kc2 Nc4 35. Be3 Na3+ 36. Kd3 Nc4 37. Bd4 Be7 38. f3 Bd6 39. g4 fxg4 40. hxg4 Bf4 41. Rh1 h6 42. Re1 Nb2+ 43. Kc2 Nc4 44. Rh1 Na3+ 45. Kd3 Nc4 46. Bg7 Nb2+ 47. Kc2 Nc4 48. Bxh6 Be5 49. Bd2 Ke6 50. Rh7 Nd6 51. Kd3 Kf6 52. f4 1-0


[Site "https://www.chess.com"]

[Event "Titled Tuesday Blitz March 29 Early 2022"]
[White "Hakobyan, Aram"]
[Black "Paravyan, David"]
[WhiteFideId "13306677"]
[BlackFideId "4194985"]
[WhiteElo "2557"]
[BlackElo "2569"]
[Result "1/2-1/2"]
[Round "09"]
[TimeControl "180+1"]
[Date "2022.03.29"]
[WhiteClock "0:00:19"]
[BlackClock "0:01:24"]

1. d4 Nf6 2. c4 g6 3. Nc3 d5 4. Nf3 Bg7 5. Bg5 Ne4 6. cxd5 Nxg5 7. Nxg5 e6 8. Nf3 exd5 9. e3 a5 10. Be2 O-O 11. O-O c6 12. a3 Qd6 13. Rb1 Nd7 14. b4 axb4 15. axb4 b5 16. e4 dxe4 17. Nxe4 Qe7 18. Qc2 Nb6 19. Qxc6 Bb7 20. Qxb6 Bxe4 21. Rbd1 Qxb4 22. Qxb5 Rab8 23. Qxb4 Rxb4 24. Ng5 Bc2 25. Rd2 Bf5 26. Nf3 Rd8 27. Rfd1 Be4 28. h3 Bf6 29. Ne5 Bg5 30. Ra2 Rbxd4 31. Rxd4 Rxd4 32. Nf3 Bxf3 33. Bxf3 Rd7 34. g3 h5 35. h4 Bf6 36. Re2 Kg7 37. Kg2 Re7 38. Rxe7 Bxe7 39. Bd5 f5 40. f4 Kf6 41. Kf3 Bd6 42. Bc4 Be7 43. Bd5 Bd6 44. Bc4 Be7 45. Bd5 1/2-1/2


[Site "https://www.chess.com"]

[Event "Titled Tuesday Blitz March 29 Early 2022"]
[White "Dronavalli, Harika"]
[Black "Zhigalko, Sergei"]
[WhiteFideId "5015197"]
[BlackFideId "13502956"]
[WhiteElo "2382"]
[BlackElo "2662"]
[Result "0-1"]
[Round "09"]
[TimeControl "180+1"]
[Date "2022.03.29"]
[WhiteClock "0:00:11"]
[BlackClock "0:00:04"]

1. d4 Nf6 2. Nf3 e6 3. Bf4 d5 4. e3 Bd6 5. Nbd2 O-O 6. c3 b6 7. Bd3 Ba6 8. Bc2 Nc6 9. Bg3 Qe7 10. Ne5 Bxe5 11. dxe5 Nd7 12. f4 f6 13. exf6 Nxf6 14. Nf3 Ne4 15. Bh4 Qc5 16. Nd4 e5 17. Bxe4 dxe4 18. fxe5 Nxe5 19. Qb3+ Bc4 20. Qa3 Nd3+ 21. Kd2 Qh5 22. Qe7 c5 23. g4 Qd5 24. Nf5 Rxf5 25. gxf5 Nf2+ 26. Ke1 Nxh1 27. Rd1 Qxf5 28. Rd7 Qf7 29. Qxe4 Qf1+ 30. Kd2 Rf8 31. Qe5 Qe2+ 32. Kc1 Rf1+ 0-1


[Site "https://www.chess.com"]

[Event "Titled Tuesday Blitz March 29 Early 2022"]
[White "Hartikainen, Jarmo"]
[Black "Quirke, Jeffrey"]
[WhiteFideId "503134"]
[BlackFideId "2013029"]
[WhiteElo "2068"]
[BlackElo "2165"]
[Result "0-1"]
[Round "09"]
[TimeControl "180+1"]
[Date "2022.03.30"]
[WhiteClock "0:00:15"]
[BlackClock "0:00:13"]

1. e4 c5 2. Nf3 e6 3. d4 cxd4 4. Nxd4 a6 5. Nc3 b5 6. g3 Bb7 7. Bg2 Nf6 8. a3 d6 9. O-O Qc7 10. Be3 Nbd7 11. f3 Be7 12. Re1 O-O 13. Qd2 Rac8 14. Rac1 Ne5 15. Bf1 d5 16. f4 Neg4 17. e5 Nd7 18. Bg2 Bxa3 19. Nd1 Bc5 20. c3 Nxe3 21. Nxe3 Qb6 22. Nec2 a5 23. Kh1 b4 24. f5 Rfe8 25. f6 g6 26. Nf3 Bf8 27. Re3 Bh6 28. Ncd4 Ba6 29. g4 Nc5 30. g5 Bf8 31. Ne1 h5 32. Bf3 Ne4 33. Bxe4 dxe4 34. Qf2 Bb7 35. Ng2 Bc5 36. Qh4 Bxd4 37. Nf4 Bxe3 38. Nxh5 Bxg5 39. Qxg5 e3+ 40. Kg1 e2+ 0-1


[Site "https://www.chess.com"]

[Event "Titled Tuesday Blitz March 29 Early 2022"]
[White "Heinemann, Josefine"]
[Black "Aradhya, Garg"]
[WhiteFideId "12900460"]
[BlackFideId "25006746"]
[WhiteElo "2300"]
[BlackElo "2169"]
[Result "1/2-1/2"]
[Round "09"]
[TimeControl "180+1"]
[Date "2022.03.29"]
[WhiteClock "0:01:02"]
[BlackClock "0:01:46"]

1. Nf3 d5 2. g3 c5 3. Bg2 Nc6 4. d4 Nf6 5. O-O e6 6. c4 cxd4 7. Nxd4 Bc5 8. Nb3 Bb6 9. cxd5 exd5 10. Nc3 d4 11. Na4 O-O 12. Nxb6 axb6 13. Bg5 h6 14. Bxf6 Qxf6 15. Bxc6 bxc6 16. Qxd4 Qxd4 17. Nxd4 c5 18. Nf3 Be6 19. a3 Ra4 20. Rfd1 Re8 21. Rd6 Bg4 22. Kf1 Rae4 23. Ng1 Bxe2+ 24. Nxe2 Rxe2 25. Rxb6 Rc2 26. Re1 Rd8 27. Kg2 Rdd2 28. Rf1 Rxb2 29. Rxb2 Rxb2 30. Rc1 Rb5 31. Kf3 Kf8 32. Ke4 Ke7 33. Kd5 Ra5 34. Rxc5 Rxa3 35. Ke4 Kf6 36. Rc6+ Kg5 37. h3 f5+ 38. Kd4 Rf3 39. Rc2 h5 40. Ke5 h4 41. gxh4+ Kxh4 42. Rc7 g6 43. Rh7+ Kg5 44. h4+ Kg4 45. Rg7 Kh5 46. Rh7+ Kg4 47. Rg7 Rxf2 48. Rxg6+ Kxh4 49. Rg8 Rf1 50. Rg7 Rf2 51. Rg8 Kh3 52. Rg7 Rf1 53. Rg8 f4 54. Ke4 f3 55. Ke3 f2 56. Ke2 Rg1 57. Rh8+ Kg3 58. Rg8+ Kh4 59. Rh8+ Kg5 60. Kxf2 Ra1 61. Re8 Ra2+ 62. Re2 Rxe2+ 63. Kxe2 1/2-1/2


[Site "https://www.chess.com"]

[Event "Titled Tuesday Blitz March 29 Early 2022"]
[White "Ianov, Viktor"]
[Black "Schut, Han"]
[WhiteFideId "14102730"]
[BlackFideId "1005561"]
[WhiteElo "2161"]
[BlackElo "2057"]
[Result "1-0"]
[Round "09"]
[TimeControl "180+1"]
[Date "2022.03.30"]
[WhiteClock "0:01:49"]
[BlackClock "0:00:26"]

1. Nf3 Nf6 2. g3 g6 3. b3 Bg7 4. Bb2 O-O 5. Bg2 d5 6. c4 c5 7. cxd5 Nxd5 8. Bxg7 Kxg7 9. O-O Nc6 10. d4 Ndb4 11. a3 Na6 12. d5 Ncb8 13. Nc3 Nc7 14. e4 b6 15. b4 cxb4 16. axb4 Ba6 17. Re1 Nb5 18. Nxb5 Bxb5 19. Nd4 Qd7 20. e5 a5 21. e6 Qe8 22. d6 Ra7 23. d7 Bxd7 24. exd7 Rxd7 25. Qg4 f5 26. Ne6+ Kh8 27. Qf4 Rf6 28. bxa5 bxa5 29. Rxa5 Nc6 30. Bxc6 1-0


[Site "https://www.chess.com"]

[Event "Titled Tuesday Blitz March 29 Early 2022"]
[White "Isanzhulov, Arystan"]
[Black "Chernomordik, Pavel"]
[WhiteFideId "13711644"]
[BlackFideId "2804530"]
[WhiteElo "2296"]
[BlackElo "2249"]
[Result "1-0"]
[Round "09"]
[TimeControl "180+1"]
[Date "2022.03.30"]
[WhiteClock "0:00:08"]
[BlackClock "0:00:14"]

1. g4 g6 2. Bg2 Bg7 3. Nf3 e5 4. d3 d6 5. h3 Nc6 6. c4 h6 7. Nc3 Be6 8. Be3 Nge7 9. Rc1 Qd7 10. b3 d5 11. Na4 b6 12. cxd5 Nxd5 13. Bd2 O-O 14. Qc2 Nd4 15. Nxd4 exd4 16. O-O c5 17. e4 dxe3 18. fxe3 Rad8 19. Nb2 h5 20. gxh5 Bxh3 21. Rf3 Bg4 22. Rg3 Bxh5 23. Nc4 Ne7 24. e4 Nc6 25. Be3 Nd4 26. Bxd4 Qxd4+ 27. Kh1 b5 28. Ne3 Qxd3 29. Qxd3 Rxd3 30. Rxc5 Bd4 31. Rxh5 Bxe3 32. Bf1 Rd1 33. Rf5 Bb6 34. Kg2 Rd2+ 35. Kh3 b4 36. Bc4 Kg7 37. Rf1 Rh8+ 38. Kg4 f5+ 39. exf5 Rd4+ 40. Kf3 Rf8 41. Rxg6+ 1-0


[Site "https://www.chess.com"]

[Event "Titled Tuesday Blitz March 29 Early 2022"]
[White "Jaferian, Koosha"]
[Black "Barrientos, Sergio E"]
[WhiteFideId "12507440"]
[BlackFideId "4401824"]
[WhiteElo "2030"]
[BlackElo "2397"]
[Result "0-1"]
[Round "09"]
[TimeControl "180+1"]
[Date "2022.03.29"]
[WhiteClock "0:00:03"]
[BlackClock "0:00:55"]

1. Nf3 Nf6 2. b3 g6 3. Bb2 Bg7 4. g3 O-O 5. Bg2 d5 6. c4 dxc4 7. bxc4 c5 8. d3 Nc6 9. O-O Qc7 10. Nbd2 b6 11. Rb1 Bb7 12. Ng5 Rad8 13. Nge4 Nd4 14. Nxf6+ Bxf6 15. Ne4 Bg7 16. a4 Rd7 17. Nc3 Rfd8 18. Nb5 Nxb5 19. axb5 Bxg2 20. Kxg2 Bxb2 21. Rxb2 e5 22. Qa1 e4 23. dxe4 Rd4 24. Ra2 R8d7 25. Rc1 Rxe4 26. Rc3 Qe5 27. Rca3 Qxa1 28. Rxa1 Rxe2 29. Rxa7 Rdd2 30. Rf1 Rc2 31. Ra6 Re6 32. Ra4 g5 33. h3 Rf6 34. g4 Kg7 35. Kg3 Rc3+ 36. f3 h6 37. Rf2 Rc1 38. Re2 Rg1+ 39. Rg2 Rc1 40. Re2 Rc3 41. Rf2 Rb3 42. Kg2 Kg6 43. Kg3 h5 44. gxh5+ Kxh5 45. Rf1 Rf4 46. Rf2 Rc3 47. Ra6 Rf6 48. Ra4 Rc1 49. Re2 Rf1 50. Rf2 Rg1+ 51. Rg2 Rb1 52. Rf2 Rb3 53. Ra8 Rb4 54. Rc2 Rf4 55. Rb8 Rb3 56. Rf2 Rf6 57. Rh8+ Kg6 58. Rg8+ Kh6 59. Rh8+ Kg7 60. Rb8 Rc3 61. h4 gxh4+ 62. Kxh4 Rxc4+ 63. Kg3 Rg6+ 64. Kh3 Rb4 65. Ra2 Rxb5 66. Raa8 Rb1 67. Kh2 Rb2+ 68. Kh3 b5 69. Rg8+ Kf6 70. Rgc8 c4 71. Rc6+ Ke5 72. Rc7 Rb1 73. Kh2 Rf6 74. Rc5+ Kd4 75. Rc7 Rxf3 76. Kg2 Rd3 77. Kf2 Rb2+ 78. Ke1 Rh3 79. Rd7+ Kc5 80. Rc8+ Kb4 81. Rxf7 Rh1+ 82. Rf1 Rb1+ 83. Ke2 Rhxf1 84. Ke3 Rbd1 85. Ke4 Rfe1+ 86. Kf3 Rd7 87. Rb8 Rf7+ 88. Kg4 Rg1+ 0-1


[Site "https://www.chess.com"]

[Event "Titled Tuesday Blitz March 29 Early 2022"]
[White "Jarocka, Liwia"]
[Black "Kopylov, Alexander A."]
[WhiteFideId "21807558"]
[BlackFideId "4164857"]
[WhiteElo "1896"]
[BlackElo "2436"]
[Result "1/2-1/2"]
[Round "09"]
[TimeControl "180+1"]
[Date "2022.03.30"]
[WhiteClock "0:00:23"]
[BlackClock "0:00:19"]

1. e4 e5 2. Nf3 Nc6 3. Nc3 Nf6 4. Bb5 Bb4 5. O-O O-O 6. d3 Bxc3 7. bxc3 d6 8. Bg5 h6 9. Bh4 g5 10. Bg3 Ne7 11. Re1 Ng6 12. Ba4 Nh5 13. d4 Nhf4 14. dxe5 dxe5 15. Bxf4 Nxf4 16. Qxd8 Rxd8 17. Nxe5 Be6 18. Bb3 Rd2 19. Nf3 Rd7 20. Nd4 Bxb3 21. axb3 a6 22. g3 Ng6 23. Nf5 Rad8 24. Nxh6+ Kg7 25. Nf5+ Kf6 26. Kf1 Rd2 27. Re2 Rd1+ 28. Rxd1 Rxd1+ 29. Kg2 Ke5 30. h3 b5 31. Nd4 c5 32. Nf3+ Kf6 33. e5+ Kf5 34. b4 Rd5 35. bxc5 Nxe5 36. c6 Nxc6 37. Re8 Rc5 38. Ra8 a5 39. Nd4+ Nxd4 40. cxd4 Rxc2 41. Rxa5 Rb2 42. Kf3 Rb3+ 43. Ke2 Ke4 44. Ra7 f6 45. h4 gxh4 46. gxh4 Kxd4 47. h5 Rh3 48. Rf7 b4 49. Rxf6 Rxh5 50. f4 Kc3 51. Rb6 Rh2+ 52. Kf3 b3 53. f5 Rh1 54. Kf4 Rf1+ 55. Kg5 Rg1+ 56. Kh6 Rh1+ 57. Kg6 Rg1+ 58. Kf7 b2 59. f6 b1=Q 60. Rxb1 Rxb1 61. Kg8 Rg1+ 62. Kh8 Rh1+ 63. Kg7 Rg1+ 64. Kh8 Rh1+ 65. Kg7 Rg1+ 66. Kh8 1/2-1/2


[Site "https://www.chess.com"]

[Event "Titled Tuesday Blitz March 29 Early 2022"]
[White "Jaskolka, Tomasz"]
[Black "Janaszak, Dawid"]
[WhiteFideId "1170791"]
[BlackFideId "1119206"]
[WhiteElo "2442"]
[BlackElo "2550"]
[Result "1-0"]
[Round "09"]
[TimeControl "180+1"]
[Date "2022.03.30"]
[WhiteClock "0:01:28"]
[BlackClock "0:00:55"]

1. d4 c5 2. e3 Nf6 3. Nf3 b6 4. c3 Bb7 5. Nbd2 g6 6. Bd3 Bg7 7. b3 O-O 8. Bb2 cxd4 9. exd4 d6 10. Qe2 Nd5 11. Bc2 Nf4 12. Qf1 e5 13. dxe5 dxe5 14. O-O-O Nd7 15. g3 Ne6 16. h4 h5 17. Ne4 Qc7 18. Rg1 Ndc5 19. Neg5 e4 20. Nxe6 Nxe6 21. Ng5 Bxc3 22. Nxe6 fxe6 23. Qh3 Rxf2 24. Qxe6+ Kg7 25. Rd7+ 1-0


[Site "https://www.chess.com"]

[Event "Titled Tuesday Blitz March 29 Early 2022"]
[White "Jeet, Jain"]
[Black "Avalos Parra, Joao"]
[WhiteFideId "5073022"]
[BlackFideId "3402541"]
[WhiteElo "2085"]
[BlackElo "2173"]
[Result "0-1"]
[Round "09"]
[TimeControl "180+1"]
[Date "2022.03.30"]
[WhiteClock "0:00:20"]
[BlackClock "0:00:12"]

1. d4 Nf6 2. Nf3 g6 3. Bf4 Bg7 4. e3 c5 5. h3 Qb6 6. Nc3 cxd4 7. exd4 d6 8. Bd3 Nc6 9. O-O O-O 10. d5 Nb4 11. Bc4 Bf5 12. Bb3 Rac8 13. Nd4 Bd7 14. Re1 Rfe8 15. Be3 Qa5 16. a3 Na6 17. Nce2 Ne4 18. Ba2 Qd8 19. c4 Nc7 20. Bb1 Nf6 21. Bd3 b5 22. Nc6 Bxc6 23. dxc6 bxc4 24. Bxc4 Ne6 25. Bxe6 fxe6 26. Bxa7 Rxc6 27. Qa4 Qa8 28. Qb5 Rec8 29. Be3 Nd5 30. Nd4 Rb6 31. Qd7 Nxe3 32. Qxe6+ Kh8 33. Qxe3 Rxb2 34. Rad1 Bf6 35. Ne2 Rcc2 36. Ng3 Rxf2 37. Qxf2 Rxf2 38. Kxf2 Qxa3 39. Ne4 Be5 40. g3 Kg7 41. h4 e6 42. Re3 Qb2+ 43. Rd2 Qb6 44. Kf3 Bd4 45. Red3 e5 46. Ng5 Qb7+ 47. Ke2 Qd7 48. Rf3 Qg4 49. Kf1 h6 50. Rf7+ Kg8 51. Ra2 hxg5 52. Rc7 Qf3+ 53. Ke1 gxh4 54. gxh4 Bc3+ 0-1


[Site "https://www.chess.com"]

[Event "Titled Tuesday Blitz March 29 Early 2022"]
[White "Jumabayev, Rinat"]
[Black "Ravi, Teja S."]
[WhiteFideId "13702661"]
[BlackFideId "5017220"]
[WhiteElo "2561"]
[BlackElo "2412"]
[Result "1-0"]
[Round "09"]
[TimeControl "180+1"]
[Date "2022.03.29"]
[WhiteClock "0:01:35"]
[BlackClock "0:00:55"]

1. d4 Nf6 2. Bg5 Ne4 3. Bf4 d5 4. f3 Nf6 5. Nc3 c5 6. e4 cxd4 7. Qxd4 Nc6 8. Bb5 Bd7 9. Bxc6 Bxc6 10. e5 Nd7 11. Nge2 e6 12. O-O-O Qb6 13. Qxb6 Nxb6 14. Nd4 Rc8 15. h4 h5 16. b3 Ba3+ 17. Kb1 Bd7 18. Ncb5 Bc5 19. Nxa7 Ra8 20. Nab5 O-O 21. Nc3 Rfc8 22. Nce2 Ra7 23. Rd2 Rca8 24. c3 Rc8 25. Rc1 Raa8 26. Be3 f6 27. exf6 gxf6 28. Nc2 Be7 29. Bxb6 1-0


[Site "https://www.chess.com"]

[Event "Titled Tuesday Blitz March 29 Early 2022"]
[White "Kejzar, Petra"]
[Black "Prohorov, Olexandr"]
[WhiteFideId "14610213"]
[BlackFideId "14105578"]
[WhiteElo "2003"]
[BlackElo "1993"]
[Result "0-1"]
[Round "09"]
[TimeControl "180+1"]
[Date "2022.03.30"]
[WhiteClock "0:00:33"]
[BlackClock "0:00:49"]

1. e4 c5 2. Nf3 e6 3. d4 cxd4 4. Nxd4 Qb6 5. Be2 Bc5 6. c3 Nc6 7. O-O Nf6 8. Nxc6 bxc6 9. e5 Ne4 10. b4 Bxf2+ 11. Kh1 Be3 12. Bd3 Bxc1 13. Bxe4 Bb2 14. Nd2 Bxa1 15. Qxa1 Ba6 16. Rf3 Qc7 17. a4 Qxe5 18. b5 Bb7 19. bxc6 Bxc6 20. Bxc6 dxc6 21. Qf1 O-O 22. Rh3 Rad8 23. Nf3 Qxc3 24. Qb1 Qd3 25. Qf1 Qxf1+ 0-1


[Site "https://www.chess.com"]

[Event "Titled Tuesday Blitz March 29 Early 2022"]
[White "Kobalia, Mikhail"]
[Black "Jary, Sergey"]
[WhiteFideId "4119150"]
[BlackFideId "14110350"]
[WhiteElo "2667"]
[BlackElo "2260"]
[Result "1-0"]
[Round "09"]
[TimeControl "180+1"]
[Date "2022.03.29"]
[WhiteClock "0:00:09"]
[BlackClock "0:00:01"]

1. e4 c5 2. Nf3 Nc6 3. Bb5 Qc7 4. O-O a6 5. Bxc6 Qxc6 6. d4 cxd4 7. Nxd4 Qc7 8. Qf3 e6 9. Nc3 Ne7 10. Rd1 d6 11. a4 Ng6 12. Qg3 Be7 13. Bg5 Bxg5 14. Qxg5 O-O 15. Qg3 Bd7 16. Nde2 Ne5 17. Rd4 Rad8 18. Rad1 Bc6 19. f4 Nd7 20. Rxd6 Nb6 21. f5 Rxd6 22. Qxd6 Qxd6 23. Rxd6 Nc4 24. Rd4 Nxb2 25. Rb4 Nxa4 26. Nxa4 a5 27. Rd4 e5 28. Rc4 Bb5 29. Rc5 Bxa4 30. Rxa5 Bxc2 31. Rxe5 Rd8 32. Kf2 f6 33. Re7 b5 34. Nf4 Rb8 35. Nh5 b4 36. Rxg7+ Kh8 37. Rc7 Bxe4 38. g4 b3 39. Nxf6 Rb7 40. Rc8+ Kg7 41. Nxe4 b2 42. Nc3 Rb4 43. Kf3 Rb3 44. Rc7+ Kf6 45. Kf4 Rb4+ 46. Kg3 Rb3 47. Kh4 Rxc3 48. Rb7 Rc2 49. h3 h6 50. Kh5 Rc3 51. h4 Rc7 52. Rxb2 Rh7 53. Rb6+ Ke5 54. Re6+ 1-0


[Site "https://www.chess.com"]

[Event "Titled Tuesday Blitz March 29 Early 2022"]
[White "Korchmar, Vasiliy"]
[Black "Dushyant Sharma"]
[WhiteFideId "24131750"]
[BlackFideId "25065130"]
[WhiteElo "2725"]
[BlackElo "2446"]
[Result "0-1"]
[Round "09"]
[TimeControl "180+1"]
[Date "2022.03.30"]
[WhiteClock "0:00:01"]
[BlackClock "0:00:07"]

1. d4 d5 2. Bf4 e6 3. e3 f5 4. Nf3 Nf6 5. Be2 Bd6 6. O-O O-O 7. c4 c6 8. Nc3 Qc7 9. Bxd6 Qxd6 10. Rb1 Nbd7 11. b4 Ne4 12. Qc2 b6 13. b5 Nxc3 14. Qxc3 c5 15. Rfd1 Bb7 16. cxd5 exd5 17. dxc5 bxc5 18. a4 Rae8 19. a5 f4 20. Bc4 Qe6 21. Ba2 fxe3 22. fxe3 Kh8 23. Qd3 Nf6 24. b6 a6 25. Re1 Ne4 26. Rbd1 Rf5 27. Re2 Ref8 28. Rf1 Qg6 29. Kh1 Qh5 30. Kg1 Qg6 31. Kh1 Ng3+ 32. Kg1 Nxe2+ 33. Qxe2 d4 34. Bb1 Rxf3 35. Rxf3 Bxf3 0-1


[Site "https://www.chess.com"]

[Event "Titled Tuesday Blitz March 29 Early 2022"]
[White "Koridze, Lile"]
[Black "Thomas, Anysia"]
[WhiteFideId "13612514"]
[BlackFideId "670472"]
[WhiteElo "1999"]
[BlackElo "2002"]
[Result "0-1"]
[Round "09"]
[TimeControl "180+1"]
[Date "2022.03.30"]
[WhiteClock "0:01:42"]
[BlackClock "0:00:08"]

1. d4 Nf6 2. c4 g6 3. Nc3 d5 4. Nf3 Bg7 5. Bg5 Ne4 6. cxd5 Nxg5 7. Nxg5 e6 8. Qd2 h6 9. Nf3 exd5 10. e3 O-O 11. Bd3 c5 12. dxc5 Nc6 13. O-O d4 14. exd4 Nxd4 15. Nxd4 Qxd4 16. Rad1 Be6 17. Ne4 Rfd8 18. b4 Bc4 19. Bxc4 Qxc4 20. Nd6 Qg4 21. Qd5 Rd7 22. h3 Qxb4 23. c6 bxc6 24. Qxc6 Rad8 25. Rb1 Qxd6 26. Qf3 Qf6 27. Qa3 Qe7 28. Qb3 Rd2 29. a4 Qf6 30. Qb7 R8d7 31. Qb8+ Rd8 32. Qb7 R2d7 33. Qb3 Bf8 34. Qb5 Bd6 35. g3 Be5 36. Kg2 Bd4 37. Rbd1 Rd6 38. Rd3 Bb6 39. Rf3 Qe7 40. a5 Bd4 41. Rc1 Rf6 42. Qb3 Rxf3 43. Qxf3 Qf6 44. Rd1 Qxf3+ 45. Kxf3 Bf6 46. Rc1 Rd5 47. Rc6 Bd8 48. a6 Bb6 49. Ke2 Ra5 50. Rc8+ Kg7 51. Rc3 Rxa6 52. Rf3 Ra5 0-1


[Site "https://www.chess.com"]

[Event "Titled Tuesday Blitz March 29 Early 2022"]
[White "Kouskoutis, Georgios-Alexandros"]
[Black "Sergienko, Sergey"]
[WhiteFideId "4234049"]
[BlackFideId "4115791"]
[WhiteElo "2130"]
[BlackElo "2193"]
[Result "1-0"]
[Round "09"]
[TimeControl "180+1"]
[Date "2022.03.30"]
[WhiteClock "0:00:03"]
[BlackClock "0:00:02"]

1. c4 c5 2. g3 Nf6 3. Bg2 d5 4. cxd5 Nxd5 5. Nf3 Nc6 6. O-O e5 7. Nc3 Nc7 8. b3 Be7 9. Bb2 O-O 10. Rc1 f6 11. d3 Be6 12. Qc2 Qd7 13. Qb1 Bh3 14. a3 Bxg2 15. Kxg2 Rad8 16. Ne4 Ne6 17. Rfd1 b6 18. Ba1 a5 19. e3 f5 20. Nc3 Bd6 21. Nb5 Qb7 22. Kg1 Bb8 23. Nd2 f4 24. Ne4 Qf7 25. Qc2 Kh8 26. Qe2 Qg6 27. exf4 exf4 28. Kh1 Ncd4 29. Nxd4 Nxd4 30. Bxd4 Rxd4 31. Rc4 Rd5 32. Rg1 Rh5 33. g4 Rh3 34. f3 Qh6 35. Rg2 g5 36. d4 Qg7 37. dxc5 bxc5 38. Qf1 Rd8 39. Rf2 Rh6 40. Kg2 Re6 41. h3 Qf7 42. Rxc5 Rxe4 43. fxe4 f3+ 44. Rxf3 Rd2+ 45. Rf2 Qe6 46. Rxd2 Qxe4+ 47. Qf3 Qb1 48. Qf8# 1-0


[Site "https://www.chess.com"]

[Event "Titled Tuesday Blitz March 29 Early 2022"]
[White "Kucuksari, Kaan"]
[Black "Migot, Tangi"]
[WhiteFideId "6380166"]
[BlackFideId "662445"]
[WhiteElo "2698"]
[BlackElo "2519"]
[Result "1-0"]
[Round "09"]
[TimeControl "180+1"]
[Date "2022.03.30"]
[WhiteClock "0:01:38"]
[BlackClock "0:00:16"]

1. d4 e6 2. c4 c5 3. d5 exd5 4. cxd5 Be7 5. Nc3 d6 6. Nf3 Bf6 7. e4 Ne7 8. h4 Bg4 9. h5 Nd7 10. Be2 O-O 11. h6 g6 12. O-O Bxf3 13. Bxf3 Bh8 14. g3 f5 15. Bg2 Ne5 16. Qe2 c4 17. Bg5 Bf6 18. Bxf6 Rxf6 19. f4 Ng4 20. e5 dxe5 21. fxe5 Rb6 22. d6 Nc6 23. Qxc4+ Kh8 24. Qf7 Nxh6 25. Qc7 Nxe5 26. Rfe1 Nhf7 27. Rad1 Rc8 28. Qe7 Qxe7 29. dxe7 Re8 30. Rxe5 Nxe5 31. Rd8 Kg7 32. Rxe8 Kf7 33. Rb8 Kxe7 34. Nd5+ 1-0


[Site "https://www.chess.com"]

[Event "Titled Tuesday Blitz March 29 Early 2022"]
[White "Lakshmi C"]
[Black "Kostina, Nadezhda"]
[WhiteFideId "25035347"]
[BlackFideId "4195876"]
[WhiteElo "1775"]
[BlackElo "1982"]
[Result "0-1"]
[Round "09"]
[TimeControl "180+1"]
[Date "2022.03.30"]
[WhiteClock "0:00:01"]
[BlackClock "0:00:08"]

1. e4 c5 2. Nf3 Nc6 3. d4 cxd4 4. Nxd4 Nf6 5. Nc3 d6 6. Bg5 Qb6 7. Nb3 e6 8. Be2 a6 9. a4 Nb4 10. Be3 Qc7 11. a5 Nd7 12. Ra4 Nc6 13. O-O Be7 14. Qd2 O-O 15. f4 Rd8 16. Rfa1 Nf8 17. Rc4 Bd7 18. Bb6 Qb8 19. Nd4 Rc8 20. Nf3 Bd8 21. Qe3 Bxb6 22. axb6 Re8 23. Bd3 d5 24. Rca4 Qd8 25. exd5 exd5 26. Qf2 d4 27. Nd5 Ne6 28. Rc4 Rc8 29. f5 Nf8 30. Nc7 Re3 31. Nxd4 Rxd3 32. cxd3 Ne5 33. Rc3 Bc6 34. Nxc6 Nxc6 35. Re1 Qf6 36. Qf4 Nd4 37. Kh1 Qxb6 38. Nd5 Qa5 39. Rxc8 Qxe1+ 0-1


[Site "https://www.chess.com"]

[Event "Titled Tuesday Blitz March 29 Early 2022"]
[White "Lauridsen, Jesper Morch"]
[Black "Coto Mederos, Michel"]
[WhiteFideId "1401890"]
[BlackFideId "3508528"]
[WhiteElo "2336"]
[BlackElo "2527"]
[Result "0-1"]
[Round "09"]
[TimeControl "180+1"]
[Date "2022.03.30"]
[WhiteClock "0:00:02"]
[BlackClock "0:00:05"]

1. e4 d5 2. exd5 Qxd5 3. Nf3 Nf6 4. d4 c6 5. c4 Qd8 6. Nc3 Bf5 7. Qb3 Qc7 8. Ne5 e6 9. Bf4 Qb6 10. c5 Qxb3 11. axb3 Nbd7 12. Nc4 Nd5 13. Bd6 Bc2 14. Bxf8 Kxf8 15. Ra3 a6 16. Kd2 Bg6 17. Nxd5 exd5 18. Nd6 Rb8 19. Bd3 Nf6 20. f3 Ne8 21. Nxe8 Rxe8 22. Raa1 Ke7 23. Rae1+ Kf6 24. h4 Bf5 25. g4 Bxd3 26. Kxd3 h5 27. Rxe8 Rxe8 28. gxh5 Rh8 29. Re1 Rxh5 30. Re8 Rxh4 31. Rb8 Rh2 32. Rxb7 Rxb2 33. Rb6 Kf5 34. Rxc6 Rxb3+ 35. Kc2 Rxf3 36. Rxa6 Rf4 37. Kc3 Re4 38. c6 Re7 39. Rb6 Ke6 40. Rb7 Kd6 41. Rxe7 Kxe7 42. Kb4 Kd6 43. Kb5 Kc7 44. Kc5 g5 45. Kxd5 f5 46. Kc5 g4 47. d5 g3 48. d6+ Kd8 49. d7 Kc7 50. Kd4 g2 51. Ke5 g1=Q 0-1


[Site "https://www.chess.com"]